 Dungeon Crawl Stone Soup version 0.27-a0-203-gd48b2df3c9 (webtiles) character file.

Game seed: 942056184004249742

8 jasper the Sneak (level 2, -1/13 HPs)
             Began as a Spriggan Enchanter on Jan 30, 2021.
             Slain by a hobgoblin (2 damage)
             ... on level 1 of the Dungeon.
             The game lasted 00:01:39 (482 turns).

jasper the Sneak (Spriggan Enchanter)                Turns: 482, Time: 00:01:39

Health: -1/13      AC:  2    Str:  4    XL:     2   Next: 0%
Magic:  6/6        EV: 18    Int: 16    God:
Gold:   41         SH:  0    Dex: 16    Spells: 5/6 levels left

rFire    . . .     SeeInvis +   a - +1 dagger
rCold    . . .     Faith    .   (shield restricted)
rNeg     . . .     Spirit   .   b - +0 robe
rPois    .         Reflect  .   (helmet restricted)
rElec    .         Harm     .   (no cloak)
rCorr    .         Rampage  .   (gloves unavailable)
Will     .....                  (boots unavailable)
Stlth    +++.......             (no amulet)
HPRegen  0.04/turn              (no ring)
MPRegen  0.10/turn              (no ring)

@: lethally poisoned (-1 -> -5), very quick
A: very small, unfitting armour, see invisible, speed 3
a: no special abilities


You were on level 1 of the Dungeon.
You visited 1 branch of the dungeon, and saw 4 of its levels.

You collected 41 gold pieces.

Inventory:

Hand Weapons
 a - a +1 dagger (weapon)
Armour
 b - a +0 robe (worn)
Wands
 c - a wand of flame (15)
Scrolls
 d - 3 scrolls of blinking {unknown}


   Skills:
 * Level 1.5 Short Blades
 + Level 3.2 Dodging
 + Level 4.5 Stealth
 + Level 2.8 Spellcasting
 + Level 3.7 Hexes


You had 5 spell levels left.
You knew the following spells:

 Your Spells              Type           Power        Failure   Level
a - Corona                Hex            15%          4%          1

Your spell library contained the following spells:

 Spells                   Type           Power        Failure   Level
 Confusing Touch          Hex            14%          12%         3
 Tukima's Dance           Hex            14%          12%         3
 Ensorcelled Hibernation  Hex/Ice        16%          13%         2
 Dazzling Flash           Conj/Hex       16%          26%         3


Dungeon Overview and Level Annotations

Branches:
Dungeon (4/15)
 Temple: D:4-7

Altars:
Yredelemnul


Innate Abilities, Weirdness & Mutations

You are very small and have problems with some larger weapons.
You are too small for most types of armour.
You have supernaturally acute eyesight. (SInv)
You cover ground extremely quickly.


Message History

A hobgoblin comes into view. It is wielding a +0 club.
Found a scroll labelled VASHRU RIGO.
The hobgoblin shouts!
You hear a shout!
* * * LOW HITPOINT WARNING * * *
You feel sick.
You take 1 damage, and have 2/13 hp.
Evoke which item? (* to show all) (? for menu, Esc to quit)
Aiming: Throw Flame
Press: ? - help, Shift-Dir - straight line, f - adder
Aim: an adder (52% to evade)
The puff of flame misses the adder.
A hobgoblin comes into view.
The hobgoblin closely misses you.
The hobgoblin hits you but does no damage.
A dart slug comes into view.
You see here a scroll labelled VASHRU RIGO.
A goblin comes into view.
* * * LOW HITPOINT WARNING * * *
You feel sick. The hobgoblin hits you.
You die...

#.# ####.#
.....##+##########
####.............#
+.............#
#........gS...#
#.............# .
#..?........g?# ..
#............@#
..##............g#
..##############..
..# #... #....
#..... #...w..
##############
#.......
...##........#


You could see an adder, a dart slug and 3 hobgoblins.

Vanquished Creatures
  A worm (D:2)
  2 bats
  A giant cockroach (D:2)
  A goblin (D:2)
5 creatures vanquished.

Notes
Turn   | Place    | Note
-------+----------+-------------------------------------------
     0 | D:1      | jasper the Spriggan Enchanter began the quest for the Orb.
     0 | D:1      | Reached XP level 1. HP: 9/9 MP: 5/5
   353 | D:4      | Noticed a worker ant
   372 | D:3      | Found a basalt altar of Yredelemnul.
   415 | D:3      | Noticed an orc wizard
   450 | D:2      | Reached XP level 2. HP: 10/13 MP: 6/6
   482 | D:1      | Slain by a hobgoblin

Illustrated notes

Levels and vault maps discovered:
D:1:      amcnicky_arrival_wind_blow, layout_basic
D:2:      lemuel_upstairs_altar, layout_basic, grunt_temple_overflow_diamond
D:3:      layout_basic, yredelemnul_altar_generic,
          nicolae_ru_sacrificial_ziggurat, lemuel_coloured_pillars_altar
D:4:      layout_basic, brannock_xom_greatest_gift,
          minmay_temple_entry_statues_pillars, uniq_duvessa, uniq_edmund

Action                   || total
-------------------------++-------
Melee: Dagger            ||    13
 Cast: Corona            ||     4
Evoke: Wand              ||     1
 Stab: Sleeping          ||     3
Armor: Robe              ||     3
Dodge: Dodged            ||    33

Table legend: (Time is in decaauts)
 A = Elapsed time spent in this place.
 B = Non-inter-level travel time spent in this place.
 C = Inter-level travel time spent in this place.
 D = Time resting spent in this place.
 E = Time spent auto-exploring this place.
 F = Levels seen in this place.
 G = Mean time per level.
                   A        B        C        D        E       F      G
               +--------+--------+--------+--------+--------+-----+--------+
         Total |    371 |    371 |      0 |    114 |    101 |   4 |   92.8 |
       Dungeon |    371 |    371 |      0 |    114 |    101 |   4 |   92.8 |
               +--------+--------+--------+--------+--------+-----+--------+

Top non-repeatable levels by time:
     D:2: 250 daAuts
     D:1: 54 daAuts
     D:3: 49 daAuts
     D:4: 18 daAuts
